 Dungeon Crawl Stone Soup version 0.27-a0-1149-g4505690ab0 (webtiles) character file.

Game seed: 8677434909061390890

329 rocky1 the Skirmisher (level 6, 0/40 HPs)
             Began as a Gargoyle Fighter on May 13, 2021.
             Shot with an arrow by a centaur (2 damage)
             ... on level 5 of the Dungeon.
             The game lasted 00:09:47 (3453 turns).

rocky1 the Skirmisher (Gargoyle Fighter)            Turns: 3453, Time: 00:09:47

Health: 0/40       AC: 13    Str: 20    XL:     6   Next: 51%
Magic:  6/6        EV:  7    Int:  9    God:
Gold:   49         SH: 14    Dex: 10    Spells: 5/5 levels left

rFire    . . .     SeeInvis .   j - +2 war axe (flame)
rCold    . . .     Faith    .   c - +0 kite shield
rNeg     + . .     Spirit   .   b - +0 scale mail
rPois    ∞         Reflect  +   e - +0 helmet
rElec    +         Harm     .   (no cloak)
rCorr    .         Rampage  .   (no gloves)
Will     .....                  h - +0 pair of boots
Stlth    ..........             n - amulet of reflection
HPRegen  0.13/turn              i - ring of flight
MPRegen  0.10/turn              (no ring)

@: flying
A: sickness immunity, AC +4, negative energy resistance 1, electricity
resistance, torment resistance 1, petrification resistance
a: no special abilities


You were on level 5 of the Dungeon.
You visited 1 branch of the dungeon, and saw 5 of its levels.

You collected 189 gold pieces.
You spent 140 gold pieces at shops.

Inventory:

Hand Weapons
 a - a +0 flail
 f - a +2 hand axe of freezing
 j - a +2 war axe of flaming (weapon)
 q - a +0 morningstar
Armour
 b - a +0 scale mail (worn)
 c - a +0 kite shield (worn)
 e - a +0 helmet (worn)
 h - a +0 pair of boots (worn)
Jewellery
 i - a ring of flight (left hand)
 n - an amulet of reflection (around neck)
 u - a ring of poison resistance
Wands
 s - a wand of paralysis (21)
Scrolls
 l - 2 scrolls of amnesia
Potions
 d - 2 potions of might
 o - 3 potions of heal wounds
 r - a potion of curing
 t - a potion of attraction {unknown}
 v - a potion of haste {unknown}


   Skills:
 + Level 4.9 Fighting
 * Level 3.6(3.9) Axes
 - Level 2.3(3.5) Maces & Flails
 - Level 3.2 Armour
 + Level 4.7 Shields


You had 5 spell levels left.
You didn't know any spells.
Your spell library was empty.

Dungeon Overview and Level Annotations

Branches:
Dungeon (5/15)
 Temple: D:4-7

Altars:
Vehumet
Zin

Shops:
D:4 !


Innate Abilities, Weirdness & Mutations

You are immune to sickness and miasma.
Your stone body is resilient. (AC +4)
You are immune to poison.
You resist negative energy. (rN+)
You are resistant to electric shocks. (rElec)
You are resistant to unholy torment.
You are immune to petrification.


Message History

Found a stone staircase leading down.
An ice beast comes into view.
Your +2 hand axe of freezing stops glowing.
Your +2 war axe of flaming bursts into flame!
j - a +2 war axe of flaming (weapon)
You hit the ice beast but do no damage.
A scorpion comes into view.
The ice beast hits you but does no damage.
You closely miss the ice beast. The ice beast barely misses you.
You block the ice beast's attack.
You closely miss the ice beast.
The ice beast hits you but does no damage.
You block the scorpion's attack.
A centaur comes into view.
You closely miss the ice beast.
The centaur shouts!
You hit the scorpion. You burn the scorpion.
A hound comes into view.
The ice beast hits you but does no damage.
You block the scorpion's attack. x2
The ice beast hits you but does no damage.
You hit the scorpion but do no damage.
The scorpion is lightly wounded.
You hit the ice beast but do no damage.
A water moccasin comes into view.
You block the scorpion's attack. The ice beast hits you.
The ice beast freezes you! The scorpion stings you.
The water moccasin hisses angrily.
You hit the scorpion. You burn the scorpion.
The scorpion is heavily wounded.
You closely miss the ice beast. The ice beast hits you.
The ice beast freezes you!
* * * LOW HITPOINT WARNING * * *
The scorpion barely misses you. You block the ice beast's attack.
The centaur wields a +0 shortbow.
The centaur shoots an arrow.
You reflect the arrow off an invisible shield around you!
The arrow hits the centaur.
The scorpion stings you.
* * * LOW HITPOINT WARNING * * *
The centaur shoots an arrow.
The arrow hits you.
You die...

#.# #>. #.#+#+##
###......####
............
.######..........
......^..........
#############.sc.S.....
#<...........@.Yh......
#############.####.....
#+# ...# ..# .# +


You could see a water moccasin, an ice beast, a centaur, a scorpion and a hound.

Vanquished Creatures
  A scorpion (D:4)
  An orc priest (D:4)
  Ijyb (D:3)
  3 hound skeletons (D:4)
  Robin (D:3)
  5 adders
  An ufetubus (D:4)
  2 worms (D:3)
  A dart slug (D:1)
  3 orcs (D:4)
  8 ball pythons
  10 endoplasms
  4 giant cockroaches
  16 goblins
  7 hobgoblins
  13 jackals
  9 kobolds
  4 quokkas
  6 bats
  4 frilled lizards
  2 rats (D:1)
102 creatures vanquished.

Vanquished Creatures (others)
  A fungus (D:2)
  3 plants (D:2)
4 creatures vanquished.

Grand Total: 106 creatures vanquished

Notes
Turn   | Place    | Note
-------+----------+-------------------------------------------
     0 | D:1      | rocky1 the Gargoyle Fighter began the quest for the Orb.
     0 | D:1      | Reached XP level 1. HP: 14/14 MP: 1/1
   207 | D:1      | Reached XP level 2. HP: 13/19 MP: 2/2
   526 | D:1      | Reached XP level 3. HP: 24/24 MP: 3/3
   647 | D:1      | Reached skill level 1 in Axes
   987 | D:2      | Found a faded altar of an unknown god.
  1074 | D:2      | Reached XP level 4. HP: 27/29 MP: 4/4
  1347 | D:2      | Found a glowing silver altar of Zin.
  2054 | D:3      | Noticed Ijyb
  2063 | D:3      | Paralysed by Ijyb for 7 turns
  2079 | D:3      | Killed Ijyb
  2080 | D:3      | Reached XP level 5. HP: 24/33 MP: 5/5
  2361 | D:3      | Noticed Robin
  2367 | D:3      | Killed Robin
  2485 | D:3      | Found a radiant altar of Vehumet.
  2711 | D:4      | Reached XP level 6. HP: 33/39 MP: 6/6
  3135 | D:4      | Found Byriqay's Distillery.
  3143 | D:4      | Bought a potion of heal wounds for 70 gold pieces
  3143 | D:4      | Bought a potion of heal wounds for 70 gold pieces
  3428 | D:5      | Entered Level 5 of the Dungeon
  3442 | D:5      | Noticed an ice beast
  3450 | D:5      | Noticed a water moccasin
  3452 | D:5      | HP: 2/40 [scorpion (6)]
  3453 | D:5      | Shot with an arrow by a centaur

Illustrated notes

Levels and vault maps discovered:
D:1:      dpeg_arrival_windows_large_door, layout_loops_ring
D:2:      minmay_general_purpose_star, layout_basic, basic_altar,
          shapermc_ecumenical_altar_mp_urbaneastern, grunt_decor_junction
D:3:      kennysheep_goblin_castle, layout_basic, nicolae_vehumet_radiance,
          uniq_robin
D:4:      layout_cave_pools, serial_shops, shop
D:5:      layout_basic, kennysheep_mini, lemuel_round_altar, uniq_blork_the_orc

Skill      XL: |  1  2  3  4  5 |
---------------+----------------+-----
Axes           | 1 2 3 |  3.6
Fighting       | 4 |  4.9
Shields        | 4 |  4.7
Maces & Flails | |  2.3
Armour         | |  3.2

Action                   |  1- 3 |  4- 6 || total
-------------------------+-------+-------++-------
Melee: Flail             |    35 |       ||    35
       Hand axe          |    98 |   174 ||   272
       War axe           |       |     6 ||     6
  Use: Scroll            |       |     7 ||     7
Armor: Scale mail        |    78 |    93 ||   171
Dodge: Dodged            |    54 |    51 ||   105
Block: Kite shield       |    86 |   163 ||   249
       Reflection        |       |    17 ||    17

Table legend: (Time is in decaauts)
 A = Elapsed time spent in this place.
 B = Non-inter-level travel time spent in this place.
 C = Inter-level travel time spent in this place.
 D = Time resting spent in this place.
 E = Time spent auto-exploring this place.
 F = Levels seen in this place.
 G = Mean time per level.
                   A        B        C        D        E       F      G
               +--------+--------+--------+--------+--------+-----+--------+
         Total |   3578 |   3486 |     92 |    126 |   2415 |   5 |  715.6 |
       Dungeon |   3578 |   3486 |     92 |    126 |   2415 |   5 |  715.6 |
               +--------+--------+--------+--------+--------+-----+--------+

Top non-repeatable levels by time:
     D:1: 1013 daAuts
     D:3: 985 daAuts
     D:4: 830 daAuts
     D:2: 722 daAuts
     D:5: 27 daAuts
